 Dungeon Crawl Stone Soup version 0.31.0-4-g52a2dc7128 (webtiles) character file.

Game seed: 10027663372777740645

40 Destapler the Shield-Bearer (level 3, -2/36 HPs)
             Began as a Troll Fighter on Jan 22, 2024.
             Slain by a gnoll
             ... wielding a +0 club
              (4 damage)
             ... on level 2 of the Dungeon.
             The game lasted 00:02:35 (778 turns).

Destapler the Shield-Bearer (Troll Fighter)          Turns: 778, Time: 00:02:35

Health: -2/36      AC:  5    Str: 26    XL:     3   Next: 30%
Magic:  2/2        EV:  5    Int:  4    God:
Gold:   19         SH:  0    Dex:  9    Spells: 2/2 levels left

rFire   . .          .
                       - Unarmed
rCold   . . .        (no shield)
rNeg    . . .        a - +0 robe
rPois   .            (helmet restricted)
rElec   .            d - +0 cloak
rCorr   .            (gloves unavailable)
SInv    .            (boots unavailable)
Will    .....        (no amulet)
Stlth   +            (no ring)
HPRegen 1.06/turn    (no ring)
MPRegen 0.08/turn

%: no passive effects
@: mighty, held
A: large, unfitting armour, claws 3, regeneration 1, shaggy fur 1, tough skin 1
a: no special abilities


You were on level 2 of the Dungeon.
You visited 1 branch of the dungeon, and saw 2 of its levels.

You collected 19 gold pieces.

Inventory:

Armour
 a - a +0 robe (worn)
 b - a +0 kite shield
 d - a +0 cloak (worn)
Scrolls
 e - 2 scrolls of enchant armour {unknown}
 f - a scroll of teleportation {unknown}
 h - a scroll of fear {unknown}
 i - a scroll of torment {unknown}


   Skills:
 + Level 2.8 Fighting
 + Level 2.7 Dodging
 + Level 3.1 Shields
 + Level 2.5 Unarmed Combat


You had 2 spell levels left.
You didn't know any spells.
Your spell library was empty.

Dungeon Overview and Level Annotations

Branches:
Dungeon (2/15)

Altars:

Shops:
D:1 [[??[


Innate Abilities, Weirdness & Mutations

You are too large for most types of armour.
You have claws for hands.
Your natural rate of healing is unusually fast.
You are covered in fur. (AC +1)
You have tough skin. (AC +1)


Message History

The web tears apart.
You feel sick. The adder bites you but does no damage.
The gnoll hits you from afar with a +0 halberd.
The ribbon worm closely misses you.
You feel very mighty all of a sudden.
You feel sick.
The gnoll shouts!
The adder bites you.
The gnoll hits you from afar with a +0 halberd.
* * * LOW HITPOINT WARNING * * *
The adder bites you but does no damage.
You mangle the adder!!
You kill the adder!
You feel sick. The ribbon worm barely misses you.
The gnoll hits you from afar with a +0 halberd!
* * * LOW HITPOINT WARNING * * *
The gnoll barely misses you.
You barely miss the gnoll.
You feel sick.
You are no longer poisoned.
The gnoll hits you from afar with a +0 halberd.
* * * LOW HITPOINT WARNING * * *
The gnoll closely misses you.
The ribbon worm expels a string of sticky webbing.
The stream of webbing hits you but does no damage.
You are caught in a web!
The web tears apart.
The gnoll hits you from afar with a +0 halberd!
* * * LOW HITPOINT WARNING * * *
The gnoll misses you.
The ribbon worm expels a string of sticky webbing.
The stream of webbing hits you but does no damage.
You are caught in a web!
A ribbon worm comes into view.
You aren't carrying any potions.
You aren't carrying any potions.
As you read the scroll labelled BIZUOH HEMPIL, it crumbles to dust.
You hear a loud clanging noise!
It was a scroll of noise.
You hear a shout!
You hear an angry hiss. x2; You hear a shout! x2
The gnoll closely misses you. The gnoll hits you with a +0 club.
You die...

. ## .#.... ....
#. ...<.. ....
.###....
.....##...... .
...........# ..
...........#.#.
......##<#.....
................
.....#g@.......#
... #..w.....?.
. .g........##
..g$#.......#
................
w....!.#######..
....... ......#


You could see 2 ribbon worms and 3 gnolls.

Vanquished Creatures
  An adder (D:2)
  2 dart slugs (D:1)
  3 ball pythons (D:1)
  2 endoplasms (D:1)
  2 giant cockroaches (D:1)
  A goblin (D:1)
  3 hobgoblins (D:1)
  A quokka (D:1)
  A bat (D:1)
  2 frilled lizards (D:1)
  5 kobolds (D:1)
  2 rats (D:1)
25 creatures vanquished.

Notes
Turn   | Place    | Note
-------+----------+-------------------------------------------
     0 | D:1      | Destapler the Troll Fighter began the quest for the Orb.
     0 | D:1      | Reached XP level 1. HP: 22/22 MP: 0/0
    88 | D:1      | Reached XP level 2. HP: 28/29 MP: 1/1
   262 | D:1      | Found Voudwoig's Magic Scroll Emporium.
   274 | D:1      | Found Xuad's Antique Armour Shoppe.
   332 | D:1      | Found Usiulima's Magic Scroll Boutique.
   363 | D:1      | Found Ixkymour's Armour Boutique.
   383 | D:1      | Reached skill level 3 in Shields
   449 | D:1      | Reached XP level 3. HP: 36/36 MP: 2/2
   630 | D:1      | Found Douc's Antique Armour Shop.
   777 | D:2      | HP: 1/36 [gnoll/+0 halberd (8)]
   778 | D:2      | Slain by a gnoll

Illustrated notes

Levels and vault maps discovered:
D:1:      dpeg_arrival_lava_altar, layout_rooms, serial_shops, shop, shop,
          nicolae_square_shop, nicolae_shop_hallway_plus, nicolae_shop_trees,
          minmay_shallow_snake_nest
D:2:      layout_rooms, minmay_misc_feat_hallway

Skill      XL: |  1  2 |
---------------+-------+-----
Shields        | 3 |  3.1
Fighting       | |  2.8
Dodging        | |  2.7
Unarmed Combat | |  2.5

Action                     || total
---------------------------++-------
  Melee: Unarmed           ||    79
    Use: Scroll            ||     1
         Potion            ||     1
 Armour: Robe              ||    50
  Dodge: Dodged            ||    42
